 Dungeon Crawl Stone Soup version 0.21-a0-19-g210df22 (webtiles) character file.

738 lauthentik the Conjurer (level 7, -5/52 HPs)
             Began as a Yellow Draconian Conjurer on May 24, 2017.
             Was an Initiate of Sif Muna.
             Slain by Duvessa
             ... wielding a +0 rapier
              (7 damage)
             ... on level 6 of the Dungeon.
             The game lasted 00:16:17 (4219 turns).

lauthentik the Conjurer (Yellow Draconian Conjurer) Turns: 4219, Time: 00:16:18

Health: -5/52      AC:  9    Str: 11    XL:     7   Next: 46%
Magic:  1/12       EV: 16    Int: 17    God:    Sif Muna [......]
Gold:   185        SH:  0    Dex: 11    Spells: 10/13 levels left

rFire    . . .     SeeInvis .   l - +0 spear
rCold    . . .     Gourm    .   (no shield)
rNeg     + . .     Faith    .   (armour unavailable)
rPois    .         Spirit   .   (helmet restricted)
rElec    .         Reflect  .   (no cloak)
rCorr    +         Harm     .   f - +2 pair of gloves
MR       .....                  (no boots)
Stlth    ++........             s - amulet of magic regeneration
Regen    0.2/turn               i - +3 ring of evasion
MPRegen  0.2/turn               n - ring of positive energy

@: very slightly contaminated, invisible
A: spit acid, acid resistance, unfitting armour, cold-blooded, AC +6
a: Breathe Acid, Renounce Religion


You were on level 6 of the Dungeon.
You worshipped Sif Muna.
Sif Muna was noncommittal.
You were not hungry.

You visited 2 branches of the dungeon, and saw 7 of its levels.

You collected 185 gold pieces.

Inventory:

Hand Weapons
 j - a +0 hunting sling
 l - a +0 spear (weapon)
Armour
 f - a +2 pair of gloves (worn)
Jewellery
 i - a +3 ring of evasion (left hand)
 n - a ring of positive energy (right hand)
 s - an amulet of magic regeneration (around neck)
Wands
 C - a wand of confusion (13/48)
Scrolls
 d - 7 scrolls of remove curse {unknown}
 e - 2 scrolls of teleportation {unknown}
 g - a scroll of recharging {unknown}
 h - a scroll of amnesia {unknown}
 q - 5 scrolls of identify {unknown}
 v - 2 scrolls of fear {unknown}
 x - 2 scrolls of fog {unknown}
 y - a scroll of immolation {unknown}
 z - a scroll of vulnerability {unknown}
 B - a scroll of magic mapping {unknown}
Potions
 c - a potion of might {unknown}
 k - 2 potions of invisibility
 p - a potion of flight {unknown}
 r - a potion of heal wounds {unknown}
 t - a potion of haste {unknown}
 u - a potion of magic {unknown}
 w - 2 potions of resistance {unknown}
 A - a potion of curing {unknown}
Books
 a - a book of Conjurations

   Spells                             Type                      Level
   a - Magic Dart                     Conjuration                  1
   b - Searing Ray                    Conjuration                  2
   c - Dazzling Spray                 Conjuration/Hexes            3
   d - Fulminant Prism                Conjuration/Hexes            4
   e - Force Lance                    Conjuration/Translocation    4
   f - Iskenderun's Mystic Blast      Conjuration                  4
Comestibles
 b - 3 bread rations
 m - 3 royal jellies
 o - 3 meat rations


   Skills:
 + Level 1.5 Fighting
 + Level 3.1 Polearms
 + Level 3.9 Dodging
 + Level 2.7 Stealth
 + Level 0.8 Unarmed Combat
 + Level 3.6 Spellcasting
 + Level 6.1 Conjurations


You had 10 spell levels left.
You knew the following spells:

 Your Spells              Type           Power        Failure   Level  Hunger
a - Magic Dart            Conj           ###.         1%          1    None
b - Searing Ray           Conj           ###...       1%          2    ##.....


Dungeon Overview and Level Annotations

Branches:
Dungeon (6/15)             Temple (1/1) D:4

Altars:
Ashenzari
Cheibriados
Makhleb
Nemelex Xobeh
Sif Muna
Wu Jian
Yredelemnul
The Shining One

Annotations:
D:4 Sarzael's ghost, amateur DrTm
D:6 Dowan; Duvessa; Pikel


Innate Abilities, Weirdness & Mutations

You can spit globs of acid.
You are resistant to acid.
Your golden yellow scales are hard. (AC +6)
You cannot fit into any form of body armour.
You are cold-blooded and may be slowed by cold attacks.


Message History

Duvessa closely misses you.
Casting: Searing Ray
Confirm with . or Enter, or press ? or * to list all spells.
Aiming: Magic Dart
Press: ? - help, Shift-Dir - straight line, f/p - Duvessa
Aim: Duvessa, wielding a rapier and wearing a ring mail (almost dead, fast)
The magic dart hits Duvessa.
Duvessa is almost dead.
Duvessa closely misses you.
Dowan casts a spell at Duvessa.
The puff of frost hits Duvessa.
Duvessa barely misses you.
You hit Duvessa.
Duvessa is almost dead.
Duvessa says, "When magic and the sword combine, nothing stands against them."
Duvessa barely misses you.
You hit Duvessa but do no damage.
You tail-slap Duvessa, but do no damage.
Duvessa is almost dead.
Duvessa hits you with a rapier!
You die...

#....###.##...###########
#.... #[##...##(...##..#
♣.... #...p.........'...
♣♣.. #.##...##.....#...
♣♣ #.##...##.[...#...
#.##..........#...
#+##..........#...
#.+....########.##
#@##...##...###.##
#e##...##........#
#e##...'pK..p....#
#.##.p.##...##..##
#.##... ######..##
#.##... ...#..... #.#....
...#..... #####.##...
...##(.## #.....##...
...######


You could see Duvessa and Dowan.

Vanquished Creatures
  Grinder (D:4)
  An ice beast (D:6)
  A slave (D:6)
  A centaur (D:6)
  A crimson imp (D:5)
  A hound (D:4)
  2 iguanas
  A worker ant (D:4)
  A hound skeleton (D:5)
  13 adders
  2 oozes (D:2)
  A worm (D:2)
  3 dart slugs
  2 leopard geckos
  An orc (D:3)
  4 ball pythons (D:3)
  5 bats
  9 giant cockroaches
  12 hobgoblins
  2 jackals (D:1)
  6 kobolds
  3 quokkas
  7 frilled lizards
  2 gnoll zombies (D:5)
  A leopard gecko skeleton (D:5)
  A quokka skeleton (D:5)
  9 rats
93 creatures vanquished.

Notes
Turn   | Place    | Note
-------+----------+-------------------------------------------
     0 | D:1      | lauthentik the Draconian Conjurer began the quest for the Orb.
     0 | D:1      | Reached XP level 1. HP: 14/14 MP: 3/3
   203 | D:1      | Reached XP level 2. HP: 20/20 MP: 0/5
   252 | D:1      | Learned a level 2 spell: Searing Ray
   751 | D:1      | Reached XP level 3. HP: 26/26 MP: 2/6
   814 | D:2      | Found a snail-covered altar of Cheibriados.
   946 | D:2      | Found a glowing golden altar of the Shining One.
  1041 | D:2      | Found a burning altar of Makhleb.
  1079 | D:2      | Reached skill level 1 in Polearms
  1124 | D:2      | Reached XP level 4. HP: 28/33 MP: 3/7
  1497 | D:3      | Reached skill level 5 in Conjurations
  1712 | D:3      | Reached XP level 5. HP: 25/39 MP: 0/8
  1933 | D:3      | Found a deep blue altar of Sif Muna.
  1941 | D:3      | Became a worshipper of Sif Muna the Loreminder
  2288 | D:4      | Noticed Sarzael's ghost (amateur DrTm)
  2491 | D:4      | Noticed Grinder
  2491 | D:4      | Paralysed by Grinder for 3 turns
  2492 | D:4      | Noticed Edmund
  2592 | D:4      | Reached XP level 6. HP: 20/46 MP: 6/10
  2645 | D:4      | Found a staircase to the Ecumenical Temple.
  2667 | Temple   | Entered the Ecumenical Temple
  2930 | D:4      | Killed Grinder
  2930 | D:4      | Reached skill level 1 in Fighting
  2944 | D:5      | Entered Level 5 of the Dungeon
  2944 | D:5      | Found an ornate altar of the Wu Jian Council.
  3171 | D:5      | Found a basalt altar of Yredelemnul.
  3217 | D:5      | Your scales start taking on a golden yellow colour.
  3217 | D:5      | Reached XP level 7. HP: 50/52 MP: 8/11
  3249 | D:5      | Found a deep blue altar of Sif Muna.
  3257 | D:5      | Found a sparkling altar of Nemelex Xobeh.
  3762 | D:6      | Reached skill level 6 in Conjurations
  3766 | D:6      | Found a shattered altar of Ashenzari.
  3891 | D:6      | Noticed Pikel
  3918 | D:6      | HP: 2/52 [slave[Pikel] (4)]
  3923 | D:6      | HP: 2/52 [slave[Pikel] (1)]
  4177 | D:6      | Noticed Duvessa
  4177 | D:6      | Noticed Dowan
  4212 | D:6      | HP: 1/52 [Duvessa/rapier (5)]
  4219 | D:6      | Slain by Duvessa

Vault maps used:
D:1:      saegor_arrival_simple_e, serial_glass, glass_columns_a,
          glass_columns_a, glass_columns_a, glass_columns_b,
          minmay_split_cup_small
D:2:      nicolae_overflow_hidden_temple, lemuel_doored_altar,
          cheibriados_altar_1
D:3:      nicolae_overflow_crystal_walls, minmay_snake_closets
D:4:      minmay_temple_entry_grid, first_bread, corexii_checkpoint_a,
          uniq_grinder, uniq_edmund
D:5:      nemelex_xobeh_ov_fountains_minmay, lemuel_crystal_altar,
          lemuel_zombie_altar_yredelemnul, basic_altar, grunt_ministairs_10
D:6:      old_standard_altar, evilmike_ruin_ashenzari,
          nemelex_spade_bored_becter, uniq_pikel, uniq_duvessa,
          uniq_crazy_yiuf_cottage
Temple:   jpeg_temple_island

Skill      XL: |  1  2  3  4  5  6  7 |
---------------+----------------------+-----
Dodging        | 2 3 |  3.9
Polearms       | 1 2 3 |  3.1
Conjurations   | 5 6 |  6.1
Stealth        | 2 |  2.7
Fighting       | 1 |  1.5
Spellcasting   | 3 |  3.6
Unarmed Combat | |  0.8

Action                   |  1- 3 |  4- 6 |  7- 9 || total
-------------------------+-------+-------+-------++-------
Melee: Unarmed           |    26 |       |       ||    26
       Spear             |    54 |   150 |    27 ||   231
       Tailslap          |     4 |     8 |     5 ||    17
 Cast: Magic Dart        |    61 |   100 |    40 ||   201
       Searing Ray       |       |     5 |     8 ||    13
  Use: Potion            |       |       |     1 ||     1
 Stab: Sleeping          |       |     2 |     1 ||     3
  Eat: Chunk             |     2 |     8 |     1 ||    11
       Meat ration       |       |       |     1 ||     1
Armor: Skin              |    30 |    64 |    18 ||   112
Dodge: Dodged            |    77 |   146 |    61 ||   284
